 Dungeon Crawl Stone Soup version 0.29.1-4-g47bece8355 (webtiles) character file.

Game seed: 9867780763424616862

20951 GigaChad the Protected (level 12, -9/99 HPs)
             Began as a Minotaur Fighter on Dec 1, 2022.
             Was a Priest of Hepliaklqana.
             Mangled by a death yak (20 damage)
             ... on level 4 of the Lair of Beasts.
             The game lasted 00:27:59 (10339 turns).

GigaChad the Protected (Minotaur Fighter)          Turns: 10339, Time: 00:28:00

Health: -9/99      AC: 25    Str: 25    XL:     12   Next: 49%
Magic:  0/11       EV: 12    Int:  5    God:    Hepliaklqana [***...]
Gold:   648        SH:  6    Dex: 11    Spells: 11/11 levels left

rFire   . . .      SeeInvis .   T - +8 trident of the Octopus King {venom, rElec rPois}
rCold   . . .      Faith    .   c - +0 buckler
rNeg    . . .      Spirit   +   p - +3 plate armour
rPois   +          Reflect  .   U - +1 hat
rElec   +          Harm     +   F - +0 cloak of the Centipede {Harm rPois rCorr}
rCorr   +          Rampage  .   V - +2 pair of gloves
Will    .....                   (no boots)
Stlth   ..........              W - amulet of guardian spirit
HPRegen 0.26/turn               l - +4 ring of slaying
MPRegen 0.12/turn               o - +4 ring of evasion

@: no status effects
A: reduced essence, horns 2, retaliatory headbutt
a: Renounce Religion, Recall Ancestor, Ancestor Identity, Transference


You were on level 4 of the Lair of Beasts.
You worshipped Hepliaklqana.
Hepliaklqana was most pleased with you.
You visited 3 branches of the dungeon, and saw 13 of its levels.

You collected 648 gold pieces.

Inventory:

Hand Weapons
 a - a +1 war axe
 G - the +6 falchion of Regicide {spect, *Noise rN++}
   (You found it on level 6 of the Dungeon)

   When its wielder attacks, the weapon's spirit leaps out and strikes again.
   The spirit shares a part of any damage it takes with its wielder.
   rN:        It greatly protects you from negative energy.
   *Noise:    It may make noises in combat.
 T - the +8 trident of the Octopus King (weapon) {venom, rElec rPois}
   (You took it off a kobold on level 8 of the Dungeon)

   It poisons the flesh of those it strikes.
   rElec:     It insulates you from electricity.
   rPois:     It protects you from poison.
Missiles
 x - 2 throwing nets
Armour
 b - a +0 scale mail
 c - a +0 buckler (worn)
 p - a +3 plate armour (worn)
 F - the +0 cloak of the Centipede (worn) {Harm rPois rCorr}
   (You found it on level 5 of the Dungeon)

   rPois:     It protects you from poison.
   rCorr:     It protects you from acid and corrosion.
   Harm:      It increases damage dealt and taken.
 N - a scarf of repulsion
 Q - a scarf of invisibility
 R - +0 acid dragon scales
 U - a +1 hat (worn)
 V - a +2 pair of gloves (worn)
 X - a +2 cloak
Jewellery
 l - a +4 ring of slaying (left hand)
 m - a ring of wizardry
 o - a +4 ring of evasion (right hand)
 r - a ring of fire
 w - a ring of protection from cold
 y - a ring of magical power
 C - a ring of magical power
 S - a +6 ring of intelligence
 W - an amulet of guardian spirit (around neck)
Wands
 K - a wand of charming (4)
 O - a wand of iceblast (3) (quivered)
 P - a wand of mindburst (28)
Scrolls
 e - 3 scrolls of poison {unknown}
 g - 2 scrolls of noise
 h - a scroll of amnesia {unknown}
 i - a scroll of fear
 k - a scroll of silence
 n - a scroll of magic mapping
 v - 2 scrolls of blinking {unknown}
 A - 10 scrolls of identify
 D - a scroll of torment {unknown}
 L - 2 scrolls of enchant weapon
Potions
 d - 4 potions of might
 f - 7 potions of attraction {unknown}
 j - 3 potions of mutation {unknown}
 q - 2 potions of invisibility {unknown}
 s - 2 potions of berserk rage {unknown}
 t - 5 potions of degeneration {unknown}
 u - 3 potions of heal wounds {unknown}
 z - a potion of resistance {unknown}
 B - 5 potions of brilliance {unknown}
 E - a potion of flight {unknown}
 H - a potion of ambrosia {unknown}
 I - 4 potions of curing {unknown}
 J - 6 potions of lignification {unknown}
 M - a potion of haste


   Skills:
 * Level 11.4 Fighting
 * Level 9.9 Long Blades
 + Level 9.8(11.1) Axes
 + Level 8.3(10.4) Polearms
 * Level 13.1 Armour
 + Level 2.1 Dodging
 + Level 1.4 Stealth
 * Level 10.3 Shields
 + Level 0.2 Evocations


You had 11 spell levels left.
You didn't know any spells.
Your spell library contained the following spells:

 Spells                   Type           Power      Damage    Failure   Level
 Magic Dart               Conj           0%         1d3       99%         1
 Necrotise                Necr           0%         1d4       99%         1
 Shock                    Conj/Air       0%         1d3       99%         1
 Ignite Poison            Fire/Tmut/Pois 0%         N/A       100%        3
 Mephitic Cloud           Conj/Pois/Air  0%         N/A       100%        3
 Portal Projectile        Hex/Tloc       0%         N/A       100%        3
 Swiftness                Air            0%         N/A       100%        3
 Tukima's Dance           Hex            0%         N/A       100%        3
 Vampiric Draining        Necr           0%         2d6       100%        3
 Airstrike                Air            0%         2d(0-16)  100%        4
 Agony                    Necr           0%         N/A       100%        5
 Blade Hands              Tmut           0%         N/A       100%        5
 Freezing Cloud           Conj/Ice/Air   0%         6-21      100%        5


Dungeon Overview and Level Annotations

Branches:
Dungeon (8/15)             Temple (1/1) D:4            Lair (4/5) D:8
 Spider (0/4) Lair:3
  Swamp: Lair:2-3    Shoals: Lair:2-3     Slime: Lair:4-5

Altars:
Ashenzari
Cheibriados
Dithmenos
Fedhas
Hepliaklqana
Kikubaaqudgha
Makhleb
Nemelex Xobeh
Qazlal
Ru
Sif Muna
Trog
Uskayaw
Vehumet
Wu Jian
Yredelemnul
Zin
The Shining One


Innate Abilities, Weirdness & Mutations

Your life essence is reduced to manifest your ancestor. (-10% HP)
You have a pair of horns on your head.
You reflexively headbutt those who attack you in melee.


Message History

The death yak is lightly wounded.
You barely miss the death yak. You headbutt the death yak.
The death yak is moderately wounded.
The death yak gores you!
The death yak gores you but does no damage. x2
The death yak misses you. You furiously retaliate!
You headbutt the death yak. You impale the death yak!!
The death yak looks as sick as possible!
You headbutt the death yak!!
The death yak is almost dead.
The death yak gores you. The death yak barely misses you.
The death yak gores you but does no damage.
You hit the death yak but do no damage.
The death yak is poisoned.
You kill the death yak!
The death yak gores you but does no damage. x2
The death yak barely misses you. You furiously retaliate!
You headbutt the death yak. The death yak completely misses you.
The death yak gores you!! The death yak gores you!
You see here a death yak corpse.
The death yak attacks as you move away!
The death yak gores you but does no damage.
The death yak misses you. You furiously retaliate!
You headbutt the death yak! The death yak gores you!
There is a stone staircase leading down, spattered with blood here.
The death yak barely misses you.
The death yak gores you but does no damage. x2
You climb downwards.
The blink frog gives a loud, deep croak!
The dream sheep bleats! x5; You hear a howl! x3
There is a stone staircase leading up here.
You hit the death yak but do no damage.
The death yak is lightly wounded.
The death yak gores you but does no damage.
The death yak barely misses you. The death yak gores you!!
* * * LOW HITPOINT WARNING * * *
You puncture the death yak! You headbutt the death yak!
The death yak is heavily wounded.
The death yak gores you but does no damage.
The death yak completely misses you. The death yak gores you!!
You die...

#..........
#..........
#.YY...#...
#..........
#....Y.....
##.YYY......
#...YY......
#..@Y....#
#......#F..
#..........
#...#.P#P...
##.. ... ...
... .#.. #.
.... .....
..... ......


You could see 3 death yaks, a blink frog and 6 dream sheep.

Vanquished Creatures
  Gastronok (Lair:1)
  A hydra (Lair:2)
  2 death yaks (Lair:3)
  6 elephants (Lair:3)
  4 black mambas
  3 cane toads
  4 komodo dragons
  Prince Ribbit (D:5)
  A polar bear (Lair:3)
  4 blink frogs
  Sigmund (D:4)
  22 yaks
  A wyvern (Lair:3)
  Eustachio (D:6)
  A redback (Lair:3)
  2 steam dragons
  5 water moccasins
  An acid dragon (D:8)
  2 ice beasts
  2 sky beasts
  A black bear (D:6)
  An ogre (D:6)
  9 wolves
  A phantom (D:6)
  A centaur (D:8)
  3 kobold brigands
  4 bullfrogs
  A necrophage (D:6)
  A water moccasin zombie (D:5)
  2 scorpions
  Dowan (D:4)
  3 killer bees (D:8)
  2 centaur zombies (D:5)
  A bullfrog zombie (D:5)
  2 orc priests
  3 hounds
  A jelly (D:5)
  5 iguanas
  4 orc wizards
  Natasha (thrice) (D:4)
  Terence (D:3)
  A hound zombie (D:5)
  A howler monkey zombie (D:5)
  Robin (D:2)
  14 adders
  2 river rats (D:4)
  A white imp (D:8)
  2 ufetubi (D:5)
  A worm (D:4)
  3 dart slugs
  27 orcs
  5 endoplasms
  3 giant cockroaches
  11 hobgoblins
  7 jackals
  A quokka (D:2)
  5 ball pythons
  10 bats
  2 frilled lizards
  23 goblins
  15 kobolds
  7 rats
257 creatures vanquished.

Vanquished Creatures (collateral kills)
  A hydra (Lair:3)
  A cane toad (Lair:2)
  A komodo dragon (Lair:2)
  A dream sheep (Lair:3)
  5 blink frogs
  A wyvern (Lair:1)
  4 yaks
  2 water moccasins
  5 wolves
  5 bullfrogs
  2 killer bees (D:8)
  An orc priest (D:8)
  An orc wizard (D:8)
  An orc (D:8)
  3 kobolds (D:8)
34 creatures vanquished.

Vanquished Creatures (others)
  4 battlemagi
  3 fungi
  16 plants
23 creatures vanquished.

Grand Total: 314 creatures vanquished

Notes
Turn   | Place    | Note
-------+----------+-------------------------------------------
     0 | D:1      | GigaChad the Minotaur Fighter began the quest for the Orb.
     0 | D:1      | Reached XP level 1. HP: 19/19 MP: 0/0
   175 | D:1      | Reached XP level 2. HP: 27/27 MP: 1/1
   357 | D:1      | Reached skill level 4 in Armour
   637 | D:1      | Reached XP level 3. HP: 33/33 MP: 2/2
  1182 | D:2      | Found a faded altar of an unknown god.
  1252 | D:2      | Reached XP level 4. HP: 38/41 MP: 3/3
  1350 | D:2      | Noticed Robin
  1361 | D:2      | Killed Robin
  1407 | D:2      | Reached skill level 5 in Fighting
  1593 | D:3      | Noticed Terence
  1597 | D:3      | Killed Terence
  1598 | D:3      | Reached XP level 5. HP: 48/48 MP: 4/4
  1810 | D:3      | Found a glowing silver altar of Zin.
  2253 | D:4      | Noticed Natasha
  2265 | D:4      | Reached skill level 5 in Armour
  2270 | D:4      | Killed Natasha
  2457 | D:4      | Noticed Natasha
  2464 | D:4      | Killed Natasha
  2465 | D:4      | Reached XP level 6. HP: 56/56 MP: 5/5
  2467 | D:4      | Found a staircase to the Ecumenical Temple.
  2481 | Temple   | Entered the Ecumenical Temple
  2618 | Temple   | Became a worshipper of Hepliaklqana the Forgotten
  2652 | D:4      | Noticed Natasha
  2662 | D:4      | Killed Natasha
  2841 | D:4      | Found a glowing drain.
  2868 | D:4      | Noticed Dowan
  2889 | D:4      | Killed Dowan
  2890 | D:4      | Reached skill level 5 in Axes
  2986 | D:4      | Reached skill level 5 in Shields
  3131 | D:4      | Found an ancient bone altar of Kikubaaqudgha.
  3135 | D:4      | Found a shimmering blue altar of Sif Muna.
  3137 | D:4      | Found a radiant altar of Vehumet.
  3147 | D:4      | Got Vehumet's Quarto of Conflict
  3188 | D:4      | Noticed Sigmund
  3198 | D:4      | Killed Sigmund
  3199 | D:4      | Reached skill level 1 in Dodging
  3199 | D:4      | Reached XP level 7. HP: 45/63 MP: 6/6
  3398 | D:5      | Entered Level 5 of the Dungeon
  3842 | D:5      | Found a basalt altar of Yredelemnul.
  3923 | D:5      | Found a sacrificial altar of Ru.
  4294 | D:5      | Reached * piety under Hepliaklqana
  4412 | D:5      | Found an ornate altar of the Wu Jian Council.
  4414 | D:5      | Noticed Prince Ribbit
  4423 | D:5      | Killed Prince Ribbit
  4424 | D:5      | Reached skill level 6 in Armour
  4424 | D:5      | Reached XP level 8. HP: 48/63 MP: 7/7
  4596 | D:5      | Identified the +0 cloak of the Centipede {Harm rPois rCorr}
  4840 | D:6      | Reached skill level 7 in Armour
  4854 | D:6      | Noticed Eustachio
  4871 | D:6      | Killed Eustachio
  4938 | D:6      | Identified the +6 falchion of Regicide {spect, *Noise rN++}
  4998 | D:6      | Reached XP level 9. HP: 70/71 MP: 8/8
  5058 | D:6      | Found a burning altar of Makhleb.
  5061 | D:6      | Reached skill level 1 in Long Blades
  5526 | D:7      | Found a snail-covered altar of Cheibriados.
  5546 | D:7      | Reached skill level 8 in Armour
  6423 | D:8      | Found a staircase to the Lair.
  6768 | D:8      | Reached ** piety under Hepliaklqana
  6773 | D:8      | Remembered your ancestor Rtas 'Vadum as a battlemage
  6784 | D:8      | Reached skill level 9 in Armour
  6877 | D:8      | Reached skill level 5 in Long Blades
  7112 | Lair:1   | Entered Level 1 of the Lair of Beasts
  7137 | Lair:1   | Reached XP level 10. HP: 81/81 MP: 9/9
  7420 | Lair:1   | Noticed Gastronok
  7444 | Lair:1   | Killed Gastronok
  7445 | Lair:1   | Reached skill level 1 in Polearms
  7445 | Lair:1   | Reached skill level 10 in Armour
  8105 | Lair:1   | Reached XP level 11. HP: 87/87 MP: 10/10
  8485 | Lair:2   | Reached skill level 11 in Armour
  8487 | Lair:2   | Found a stormy altar of Qazlal.
  8527 | Lair:2   | Reached skill level 1 in Stealth
  8535 | Lair:2   | Reached skill level 5 in Polearms
  8692 | Lair:2   | Reached skill level 10 in Fighting
  8703 | Lair:2   | Reached *** piety under Hepliaklqana
  8884 | Lair:2   | Identified the +6 scale mail of Inevitability {rF+ rN+
                  | Str-5 Dex+3}
  9121 | Lair:2   | Noticed a five-headed hydra
  9129 | Lair:2   | Killed a five-headed hydra
  9294 | Lair:2   | Reached skill level 12 in Armour
  9311 | Lair:3   | Found a glowing golden altar of the Shining One.
  9348 | Lair:3   | Found a hole to the Spider Nest.
  9472 | Lair:3   | Reached XP level 12. HP: 22/97 MP: 3/11
  9898 | Lair:3   | Noticed a seven-headed hydra
  9902 | Lair:3   | Killed a seven-headed hydra
 10108 | Lair:3   | Reached skill level 10 in Shields
 10126 | Lair:3   | Reached skill level 13 in Armour
 10320 | Lair:3   | Noticed a death yak
 10320 | Lair:3   | Noticed a death yak
 10320 | Lair:3   | Noticed a death yak
 10321 | Lair:3   | Noticed a death yak
 10321 | Lair:3   | Noticed a death yak
 10322 | Lair:3   | Noticed a death yak
 10327 | Lair:3   | Killed a death yak
 10332 | Lair:3   | Killed a death yak
 10339 | Lair:4   | Mangled by a death yak

Illustrated notes

Levels and vault maps discovered:
D:1:      dpeg_arrival_subterranean_lakeside_camping, layout_basic,
          serial_forest, infiniplex_forest_clump_small,
          infiniplex_forest_corner_1, infiniplex_forest_clump_C,
          infiniplex_forest_clump_tiny, infiniplex_forest_clump_diagonal,
          infiniplex_forest_end_3, infiniplex_forest_zigzag_2,
          infiniplex_forest_lined_2, infiniplex_forest_end_3,
          infiniplex_forest_clump_large, kennysheep_flooded_box
D:2:      layout_basic, basic_ecumenical_altar, uniq_robin
D:3:      layout_basic, zin_statuary, wad_floor_pattern_untrapped,
          nicolae_underground_beach, uniq_terence
D:4:      layout_loops_cross, grunt_temple_overflow_magic_moments,
          minmay_temple_entry_waves, lightli_sewer_entry_pipes, uniq_duvessa,
          uniq_sigmund, uniq_natasha
D:5:      layout_loops_corners, nicolae_yredelemnul_corpse_copse,
          nzn_wu_jian_contemplation, nicolae_ru_awakened_eye,
          uniq_prince_ribbit1
D:6:      layout_loops_ring, lightli_temple_of_fire, uniq_eustachio
D:7:      layout_loops_ring, mainiacjoe_overflow_24_doors,
          amcnicky_mini_rare_corridor_liquid, small_statue_intersection
D:8:      layout_basic, lair_entry_dummy
Temple:   hellmonk_temple_beads
Lair:1:   layout_chaotic_city, uniq_gastronok
Lair:2:   layout_chaotic_city, basic_altar
Lair:3:   layout_cave_pods, minmay_shoals_entry_centaurs,
          spider_nest_entry_rubble, basic_altar, guppyfry_lair_drakes
Lair:4:   layout_long_grid, basic_altar, gammafunk_ghost_berserking_beasts,
          kilobyte_rumbling_trees

Skill      XL: |  1  2  3  4  5  6  7  8  9 10 11 12 |
---------------+-------------------------------------+-----
Shields        | 4 5 6 7 8 9 10 | 10.3
Fighting       | 4 5 6 7 8 9 10 11 | 11.4
Armour         | 4 5 6 7 9 10 12 13 | 13.1
Axes           | 3 4 6 7 9 |  9.8
Dodging        | 1 2 |  2.1
Long Blades    | 5 8 9 |  9.9
Polearms       | 4 6 8 |  8.3
Stealth        | 1 |  1.4
Evocations     | |  0.2

Action                   |  1- 3 |  4- 6 |  7- 9 | 10-12 || total
-------------------------+-------+-------+-------+-------++-------
Melee: War axe           |    53 |   127 |    82 |       ||   262
       Headbutt          |    11 |    21 |    23 |    31 ||    86
       Falchion          |       |       |    72 |       ||    72
       Trident           |       |       |       |   160 ||   160
Invok: Ancestor Identity |       |       |     1 |       ||     1
       Ancestor Life: Ba |       |       |     1 |       ||     1
Evoke: Wand              |       |       |     1 |     3 ||     4
  Use: Scroll            |       |     6 |     2 |     2 ||    10
 Stab: Distracted        |       |       |       |     6 ||     6
Armor: Scale mail        |    35 |       |       |       ||    35
       Plate armour      |    11 |    74 |    86 |   141 ||   312
Dodge: Dodged            |    34 |    81 |    94 |   114 ||   323
Block: Buckler           |    20 |    38 |    49 |    50 ||   157
